 Dungeon Crawl Stone Soup version 0.26.0-18-gc5c842f807 (webtiles) character file.

Game seed: 1243156813539328509

134 kaeus the Firebug (level 5, -1/28 HPs)
             Began as a Gargoyle Fire Elementalist on Jan 22, 2021.
             Killed from afar by an orc wizard (7 damage)
             ... with a magic dart
             ... on level 3 of the Dungeon.
             The game lasted 00:04:50 (3154 turns).

kaeus the Firebug (Gargoyle Fire Elementalist)      Turns: 3154, Time: 00:04:51

Health: -1/28      AC:  9    Str: 11    XL:     5   Next: 17%
Magic:  6/9        EV: 11    Int: 17    God:
Gold:   78         SH:  0    Dex: 10    Spells: 8/9 levels left

rFire    . . .     SeeInvis +   j - +3 spear
rCold    . . .     Faith    .   (no shield)
rNeg     + + .     Spirit   .   q - +0 leather armour
rPois    ∞         Reflect  .   a - +0 helmet
rElec    +         Harm     .   (no cloak)
rCorr    .         Rampage  .   (no gloves)
Will     .....                  e - +0 pair of boots
Stlth    ++........             (no amulet)
HPRegen  0.09/turn              d - ring of positive energy
MPRegen  0.11/turn              f - ring of see invisible

@: slowed, very slow
A: negative energy resistance 1, electricity resistance, unbreathing,
petrification resistance, miasma immunity, AC +4
a: no special abilities


You were on level 3 of the Dungeon.
You visited 1 branch of the dungeon, and saw 3 of its levels.

You collected 78 gold pieces.

Inventory:

Hand Weapons
 j - a +3 spear (weapon)
Armour
 a - a +0 helmet (worn)
 e - a +0 pair of boots (worn)
 i - a +3 chain mail of fire resistance
 q - a +0 leather armour (worn)
Jewellery
 d - a ring of positive energy (left hand)
 f - a ring of see invisible (right hand)
 o - an uncursed ring of protection from cold {unknown}
Scrolls
 b - 2 scrolls of fog {unknown}
 c - 2 scrolls of teleportation {unknown}
 g - a scroll of fear {unknown}
 k - 3 scrolls of identify {unknown}
 l - 2 scrolls of immolation {unknown}
 m - a scroll of remove curse {unknown}
 n - 2 scrolls of magic mapping {unknown}
 r - a scroll of blinking {unknown}
 s - a scroll of random uselessness {unknown}
Potions
 h - a potion of degeneration {unknown}
 p - a potion of might {unknown}


   Skills:
 + Level 1.4 Armour
 - Level 1.5 Dodging
 - Level 2.1 Stealth
 + Level 2.8 Spellcasting
 + Level 2.6 Conjurations
 * Level 4.3 Fire Magic


You had 8 spell levels left.
You knew the following spells:

 Your Spells              Type           Power        Failure   Level
a - Foxfire               Conj/Fire      56%          5%          1

Your spell library contained the following spells:

 Spells                   Type           Power        Failure   Level
 Conjure Flame            Conj/Fire      14%          17%         3
 Inner Flame              Hex/Fire       9%           28%         3
 Sticky Flame             Conj/Fire      14%          50%         4
 Fireball                 Conj/Fire      7%           83%         5


Dungeon Overview and Level Annotations

Branches:
Dungeon (3/15)

Altars:


Innate Abilities, Weirdness & Mutations

You are resistant to torment.
Your stone body is resilient. (AC +4)
You are immune to poison.
You resist negative energy. (rN+)
You are resistant to electric shocks. (rElec)
You can survive without breathing.
You are immune to petrification.
You are immune to miasma.


Message History

The hobgoblin closely misses you.
You closely miss the hobgoblin. The hobgoblin barely misses you.
You hit the hobgoblin.
You kill the hobgoblin!
You feel yourself speed up. The rat barely misses you.
You hit the rat.
You kill the rat!
You start resting.
An orc wizard is nearby!
You closely miss the orc wizard.
The orc wizard is almost dead.
The orc wizard points at you and mumbles some strange words.
You feel yourself slow down. The orc wizard barely misses you.
You hit the orc wizard but do no damage.
The orc wizard is almost dead.
The orc wizard barely misses you.
The orc wizard gestures at you while chanting.
The magic dart hits you!
You die...

########..†......
#.........# #
#.).......# #
#.........# #
#.........# .≈ #
######.........##
P≈≈ #
#...........##..
..≈≈ #
#...........##.#
#..≈ #
#...........##@# ...
#
#...........##o###.#
#
#...........##.)...#
#
#######..........###
# #........)........
# ##.#######[#####'#
# #.# #.# ### ..#
###


You could see an orc wizard (fast).

Vanquished Creatures
  An orc wizard (D:3)
  2 adders (D:2)
  An ooze (D:1)
  An adder zombie (D:3)
  3 worms
  4 dart slugs (D:1)
  A leopard gecko (D:1)
  3 orcs (D:3)
  5 giant cockroaches
  6 goblins
  5 hobgoblins
  14 bats
  2 frilled lizards
  6 kobolds
  9 rats
63 creatures vanquished.

Vanquished Creatures (others)
  141 foxfires
141 creatures vanquished.

Grand Total: 204 creatures vanquished

Notes
Turn   | Place    | Note
-------+----------+-------------------------------------------
     0 | D:1      | kaeus the Gargoyle Fire Elementalist began the quest for
                  | the Orb.
     0 | D:1      | Reached XP level 1. HP: 10/10 MP: 3/3
   384 | D:1      | Reached XP level 2. HP: 9/15 MP: 0/5
  1157 | D:1      | Reached XP level 3. HP: 19/19 MP: 4/6
  2334 | D:2      | Reached XP level 4. HP: 24/24 MP: 4/7
  2633 | D:2      | Reached skill level 4 in Fire Magic
  2635 | D:2      | Reached skill level 1 in Armour
  3119 | D:3      | Reached XP level 5. HP: 28/28 MP: 3/9
  3154 | D:3      | Killed from afar by an orc wizard

Illustrated notes

Levels and vault maps discovered:
D:1:      minmay_arrival_loop, layout_loops_cross, minmay_misc_feat_tower
D:2:      layout_rooms, hangedman_decor_lopped, minmay_strange_pillars,
          chequers_avenue
D:3:      layout_basic, serial_undead, serial_undead_f, serial_undead_f,
          serial_undead_b, serial_undead_f

Skill      XL: |  1  2  3  4 |
---------------+-------------+-----
Conjurations   | 2 |  2.6
Fire Magic     | 4 |  4.3
Armour         | 1 |  1.4
Dodging        | |  1.5
Stealth        | |  2.1
Spellcasting   | |  2.8

Action                   |  1- 3 |  4- 6 || total
-------------------------+-------+-------++-------
Melee: Unarmed           |    12 |       ||    12
       Dagger            |    31 |       ||    31
       Spear             |    43 |    32 ||    75
 Cast: Foxfire           |    57 |    48 ||   105
 Stab: Sleeping          |       |     1 ||     1
Armor: Robe              |    20 |     4 ||    24
       Chain mail        |    34 |       ||    34
       Leather armour    |       |    13 ||    13
Dodge: Dodged            |    39 |    14 ||    53
